Match 45699842
Unlisted

Match 45699842
End
Construct Infanterie Kompanie
Selects Mechanized Battlegroup
Grenadier Squad
Grenadier Squad
GrW 34 Mortar Team
Grenadier Squad
Construct Luftwaffe Kompanie
Selects Spotting Scopes
Support Elements
MG 42 Bunker
Medical Station
Wirbelwind Flakpanzer
Selects Raid Package
Wirbelwind Flakpanzer
Luftwaffe Officer Quarters
Side Skirts
Marder III M Tank Destroyer
Selects StuG Assault Group
Selects UNKNOWN (2160084)
Pioneer Squad
MG 42 Bunker
Selects Wespe Self-propelled Artillery
Construct Panzer Kompanie
Panther Heavy Tank
Jäger Squad
Marder III M Tank Destroyer
Jäger Squad
Panzer Officer Quarters
Selects Zeroing Artillery Barrage
Zeroing Artillery Barrage
Panther Heavy Tank
Zeroing Artillery Barrage
Marder III M Tank Destroyer
Jäger Squad
Zeroing Artillery Barrage
Panther Heavy Tank
Marder III M Tank Destroyer
Jäger Squad
Zeroing Artillery Barrage
Pioneer Squad
Panzer IV Medium Tank
ReZuRrEcT
Beanie Beans
跳跳虎王
kdkff
MacDog
Ozymandias00
tlggarvey
*****
0
0

Comments sign in to comment!

No comments posted yet!